 Dungeon Crawl Stone Soup version 0.23-a0-577-g2b1de94 (webtiles) character file.

4642 Lanoc the Fighter (level 10, -20/83 HPs)
             Began as a Demonspawn Chaos Knight on Dec 15, 2018.
             Was a Plaything of Xom.
             Killed from afar by a deep elf mage (35 damage)
             ... with a bolt of magma
             ... in a bailey.
             The game lasted 00:19:46 (5200 turns).

Lanoc the Fighter (Demonspawn Chaos Knight)         Turns: 5200, Time: 00:19:46

Health: -20/83     AC: 16    Str: 21    XL:     10   Next: 20%
Magic:  10/10      EV: 20    Int: 13    God:    Xom [......]
Gold:   412        SH:  0    Dex: 18    Spells: 9/9 levels left

rFire    . . .     SeeInvis .   a - +1 falchion (chaos)
rCold    + . .     Gourm    .   (no shield)
rNeg     + . .     Faith    .   v - +4 scale mail {rPois}
rPois    +         Spirit   .   I - +1 hat
rElec    .         Reflect  .   (no cloak)
rCorr    .         Harm     .   (no gloves)
MR       .....                  (no boots)
Stlth    ++........             (no amulet)
HPRegen  0.23/turn              q - ring of positive energy
MPRegen  0.12/turn              H - ring of stealth

@: confused, mighty, agile, berserk cooldown, slowed, very slow
A: talons 1, thin metallic scales 2, cold resistance 1, demonic guardian 1,
mutation resistance 1, powered by pain 2
a: Renounce Religion


You were in a bailey.
You worshipped Xom.
You were a very special plaything of Xom.
You were not hungry.

You visited 2 branches of the dungeon, and saw 10 of its levels.
You also visited: Bailey.

You collected 412 gold pieces.

Inventory:

Hand Weapons
 a - a +1 falchion of chaos (weapon)
 z - a +0 scimitar
Missiles
 e - 82 arrows
 x - 106 bolts
 E - 2 tomahawks of returning (quivered)
Armour
 b - a +2 leather armour
 v - a +4 scale mail of poison resistance (worn)
 I - a +1 hat (worn)
Jewellery
 o - an uncursed ring of flight
 q - a ring of positive energy (left hand)
 D - an uncursed ring of magical power
 H - a ring of stealth (right hand)
Wands
 g - a wand of acid (6)
 s - a wand of clouds (5)
 w - a wand of iceblast (7)
Scrolls
 f - a scroll of enchant weapon
 h - 4 scrolls of blinking
 k - 2 scrolls of identify
 l - 7 scrolls of remove curse
 m - 2 scrolls of amnesia
 r - a scroll of fear
 u - 2 scrolls of teleportation
 y - a scroll of enchant armour
 A - a scroll of fog
 C - 2 scrolls of immolation
Potions
 i - a potion of curing
 j - 2 potions of lignification
 n - a potion of might
 p - a potion of flight
 t - 4 potions of degeneration
 B - a potion of haste
Comestibles
 c - 19 rations
 J - 7 chunks of flesh


   Skills:
 + Level 9.0 Fighting
 + Level 7.6 Long Blades
 + Level 7.9 Armour
 + Level 7.7 Dodging


You had 9 spell levels left.
You didn't know any spells.
Your spell library contained the following spells:

 Spells                   Type           Power        Failure   Level  Hunger
 Animate Skeleton         Necr           N/A          58%         1    ##.....


Dungeon Overview and Level Annotations

Branches:
Dungeon (9/15)             Temple (1/1) D:4
   Lair: D:8-11         Orc: D:9-12

Altars:
Gozag
Hepliaklqana
Makhleb
Okawaru
Ru
Sif Muna
Trog
Uskayaw
Vehumet
Wu Jian
Yredelemnul
Zin
Lugonu

Annotations:
D:7 3 runed doors, galech's ghost, novice DsFi


Innate Abilities, Weirdness & Mutations

You have sharp toenails.
You are mostly covered in thin metallic scales. (AC +3)
A weak demonic guardian rushes to your aid.
You sometimes gain power by taking damage.
Your flesh is cold resistant. (rC+)
You are somewhat resistant to further mutation.


Message History

You feel yourself slow down.
The deep elf mage points at you and mumbles some strange words.
The stone arrow hits your +0 long sword.
Your +0 long sword falls from the air.
You are confused.
You feel invigorated.
The deep elf mage gestures at you while chanting.
The stone arrow hits you!
* * * LOW HITPOINT WARNING * * *
You focus on the pain.
You feel mightier all of a sudden.
You feel more agile all of a sudden. The earth elemental misses you.
The earth elemental completely misses you.
The earth elemental misses your shadow imp.
Your shadow imp barely misses the earth elemental.
The deep elf mage gestures at you while chanting.
The bolt of magma hits you!
You die...
Xom titters!

#####
######...##
##..##..∩..#
#....#.....#
#..).##)..##
##..##'####
###.Ee##
#..E5@#
#.)∩..#
#.§...#
##....#
#####)# #..
.... ....#
....#


You could see 2 earth elementals, a deep elf mage and a friendly shadow imp.

Vanquished Creatures
  4 deep elf magi (Bailey)
  Grinder (D:5)
  A fire bat (shapeshifter) (D:4)
  A swamp drake (D:5)
  A hornet zombie (D:7)
  2 ice beasts (D:8)
  2 ogres (D:5)
  2 centaurs
  A crocodile (D:7)
  2 bullfrogs
  A scorpion (D:5)
  4 killer bees (D:7)
  3 wights (D:6)
  4 crimson imps
  A bullfrog zombie (D:5)
  A bullfrog skeleton (D:5)
  2 hounds
  4 jellies
  A centaur skeleton (D:5)
  An orc priest (D:7)
  8 orc wizards
  Ijyb (D:3)
  5 worker ants
  A hound zombie (D:7)
  A hound skeleton (D:4)
  8 adders
  A gnoll (D:1)
  A shadow imp (D:7)
  2 oozes
  2 adder skeletons
  2 dart slugs
  2 leopard geckos (D:7)
  20 orcs
  5 bats
  3 giant cockroaches
  11 goblins
  5 hobgoblins
  11 jackals
  4 quokkas
  2 ball pythons
  4 frilled lizards
  3 kobolds
  5 rats
146 creatures vanquished.

Vanquished Creatures (collateral kills)
  A scorpion (D:5)
  A jelly (D:2)
  An orc wizard (D:7)
  An orc (D:5)
  A giant cockroach (D:6)
5 creatures vanquished.

Vanquished Creatures (others)
  A dancing weapon (Bailey)
  A deep elf mage (Bailey)
2 creatures vanquished.

Grand Total: 153 creatures vanquished

Notes
Turn   | Place    | Note
-------+----------+-------------------------------------------
     0 | D:1      | Lanoc the Demonspawn Chaos Knight began the quest for the
                  | Orb.
     0 | D:1      | Reached XP level 1. HP: 18/18 MP: 1/1
    17 | D:1      | Reached skill level 1 in Dodging
    17 | D:1      | Gained mutation: A weak demonic guardian rushes to your
                  | aid. [demonic ancestry]
    17 | D:1      | Reached XP level 2. HP: 24/24 MP: 2/2
   198 | D:2      | XOM: harmless Summ miscast
   237 | D:2      | Reached XP level 3. HP: 26/29 MP: 3/3
   270 | D:2      | Reached XP level 4. HP: 32/37 MP: 4/4
   700 | D:3      | XOM: harmless Hex miscast
   704 | D:3      | XOM: potion effect (experience)
   704 | D:3      | Reached skill level 6 in Fighting
   704 | D:3      | Reached skill level 5 in Long Blades
   704 | D:3      | Reached skill level 5 in Armour
   704 | D:3      | Reached skill level 5 in Dodging
   704 | D:3      | Reached XP level 5. HP: 47/47 MP: 5/5
   709 | D:3      | XOM: harmless Ice miscast
   710 | D:3      | XOM: enchant monster (bad)
   725 | D:3      | Gained mutation: You sometimes gain a little power by
                  | taking damage. [demonic ancestry]
   725 | D:3      | Reached XP level 6. HP: 49/53 MP: 6/6
   737 | D:3      | Reached skill level 7 in Fighting
  1086 | D:3      | Found an iron altar of Okawaru.
  1091 | D:3      | Found a bloodstained altar of Trog.
  1260 | D:4      | Found an ornate altar of the Wu Jian Council.
  1260 | D:4      | Found a glowing silver altar of Zin.
  1401 | D:4      | Noticed Blork the orc
  1405 | D:4      | XOM: mild Summ miscast
  1408 | D:4      | XOM: noise
  1409 | D:4      | Blork the orc changed into Blork the boggart
  1409 | D:4      | XOM: polymorph Blork the orc -> Blork the boggart
  1412 | D:4      | Noticed Ijyb
  1413 | D:4      | Noticed Blork
  1413 | D:4      | Blork the ogre changed into Blork the steam dragon
  1415 | D:4      | Blork the steam dragon changed into Blork the bullfrog
  1420 | D:4      | XOM: summons 3 hostile demons
  1421 | D:4      | Noticed a chaos spawn
  1430 | D:4      | Noticed Blork
  1430 | D:4      | Blork the bullfrog changed into Blork the ice beast
  1443 | D:3      | Killed Ijyb
  1519 | D:4      | Found a staircase to the Ecumenical Temple.
  1527 | Temple   | Entered the Ecumenical Temple
  1747 | D:4      | Noticed Blork
  1748 | D:4      | Noticed Blork
  1748 | D:4      | Blork the soldier ant changed into Blork the basilisk
  1751 | D:4      | XOM: mild Fire miscast
  1767 | D:4      | Noticed Blork
  1767 | D:4      | Blork the crocodile changed into Blork the fire bat
  1772 | D:4      | Killed Blork the fire bat
  1915 | D:5      | Entered Level 5 of the Dungeon
  1921 | D:5      | Gained mutation: You are partially covered in thin metallic
                  | scales. (AC +2) [demonic ancestry]
  1921 | D:5      | Reached XP level 7. HP: 59/60 MP: 7/7
  1966 | D:5      | XOM: butterfly on damage
  1967 | D:5      | XOM: swap monsters
  2054 | D:5      | Noticed Sigmund
  2057 | D:5      | Noticed Sigmund
  2057 | D:5      | Sigmund changed into Sigmund the swamp drake
  2057 | D:5      | XOM: polymorph Sigmund -> Sigmund the swamp drake
  2065 | D:5      | Killed Sigmund the swamp drake
  2071 | D:5      | XOM: give mutations
  2071 | D:5      | Gained mutation: You are dopey. (Int -2) [Xom's mischief]
  2071 | D:5      | Gained mutation: You occasionally shout uncontrollably at
                  | your foes. [Xom's mischief]
  2071 | D:5      | Lost mutation: You are dopey. (Int -2) [Xom's mischief]
  2071 | D:5      | Gained mutation: Scrolls take you a little longer to read.
                  | [Xom's mischief]
  2163 | D:5      | Noticed a +0 dagger
  2164 | D:5      | Noticed a +0 dagger
  2247 | D:5      | Found a hide-covered altar of Uskayaw.
  2253 | D:5      | XOM: cleaving
  2478 | D:5      | Gained mutation: You are mostly covered in thin metallic
                  | scales. (AC +3) [demonic ancestry]
  2478 | D:5      | Reached XP level 8. HP: 52/67 MP: 8/8
  2597 | D:5      | Found a hazy altar of Hepliaklqana.
  2598 | D:5      | Noticed Grinder
  2598 | D:5      | Paralysed by Grinder for 2 turns
  2617 | D:5      | Killed Grinder
  2955 | D:6      | XOM: harmless Tmut miscast
  3203 | D:6      | Found a deep blue altar of Sif Muna.
  3218 | D:6      | XOM: blink monster(s)
  3301 | D:6      | Identified Sif Muna's Guide on Black Secrets
  3586 | D:7      | Found a radiant altar of Vehumet.
  3597 | D:7      | Found a burning altar of Makhleb.
  3597 | D:7      | Found a basalt altar of Yredelemnul.
  3603 | D:7      | Found a sacrificial altar of Ru.
  3710 | D:7      | Reached skill level 8 in Fighting
  3938 | D:7      | XOM: mild Pois miscast
  3951 | D:7      | Gained mutation: You have sharp toenails. [demonic
                  | ancestry]
  3951 | D:7      | Reached XP level 9. HP: 59/74 MP: 9/9
  4263 | D:7      | Found a runed gate.
  4263 | D:7      | Found a runed gate.
  4263 | D:7      | Found a runed gate.
  4294 | D:7      | Noticed galech's ghost (novice DsFi)
  4533 | D:7      | XOM: medium Summ miscast
  4534 | D:7      | Noticed a red devil
  4615 | D:8      | XOM: medium Fire miscast
  4652 | D:8      | XOM: give mutation
  4652 | D:8      | Gained mutation: Armour fits poorly on your strangely
                  | shaped body. [Xom's mischief]
  4661 | D:8      | Lost mutation: Scrolls take you a little longer to read.
                  | [potion of mutation]
  4661 | D:8      | Lost mutation: Armour fits poorly on your strangely shaped
                  | body. [potion of mutation]
  4661 | D:8      | Lost mutation: You occasionally shout uncontrollably at
                  | your foes. [potion of mutation]
  4661 | D:8      | Gained mutation: Your flesh is cold resistant. (rC+)
                  | [potion of mutation]
  4661 | D:8      | Gained mutation: You are somewhat resistant to further
                  | mutation. [potion of mutation]
  4987 | D:8      | XOM: summons 3 hostile demons
  5134 | D:9      | Found a flagged portal.
  5141 | Bailey   | Entered a bailey
  5146 | Bailey   | Noticed a deep elf mage
  5155 | Bailey   | Killed a deep elf mage
  5163 | Bailey   | Noticed a deep elf mage
  5163 | Bailey   | Noticed a deep elf mage
  5163 | Bailey   | Noticed a deep elf mage
  5171 | Bailey   | XOM: enchant monster (bad)
  5172 | Bailey   | Killed a deep elf mage
  5172 | Bailey   | Noticed a deep elf mage
  5174 | Bailey   | Noticed a deep elf mage
  5185 | Bailey   | Killed a deep elf mage
  5185 | Bailey   | Gained mutation: You sometimes gain power by taking damage.
                  | [demonic ancestry]
  5185 | Bailey   | Reached XP level 10. HP: 40/82 MP: 10/10
  5189 | Bailey   | Noticed a soul eater
  5191 | Bailey   | Killed a deep elf mage
  5193 | Bailey   | HP: 4/123 [deep elf mage/+0 long sword (6)]
  5194 | Bailey   | Banished a deep elf mage
  5194 | Bailey   | Reached skill level 9 in Fighting
  5198 | Bailey   | HP: 1/83 [deep elf mage/stone arrow (10)]
  5200 | Bailey   | Killed from afar by a deep elf mage

Vault maps used:
D:1:      scummos_arrival_hexagon
D:3:      minitemple, first_ration
D:4:      gammafunk_temple_overflow_wave, minmay_temple_entry_slanted,
          uniq_blork_the_orc, uniq_ijyb
D:5:      lemuel_round_altar, dancing_weapons_uskayaw, nrook_campfire,
          uniq_sigmund, uniq_grinder
D:6:      wad_crossroads, led_sif_book
D:7:      grunt_temple_overflow_open, gammafunk_ghost_icy, minmay_circle_x
D:8:      blue_anna_alchemist, uniq_joseph
D:9:      kiku_gazebo_pond_becter, overflow_temple_1_default, enter_bailey_3,
          uniq_erolcha
Temple:   kb_corrupted_temple
Bailey:   bailey_polearm_3, bailey

Skill      XL: |  1  2  3  4  5  6  7  8  9 10 |
---------------+-------------------------------+-----
Armour         | 2 5 6 7 |  7.9
Dodging        | 1 2 5 6 7 |  7.7
Fighting       | 6 7 8 9 |  9.0
Long Blades    | 5 6 7 |  7.6

Action                   |  1- 3 |  4- 6 |  7- 9 | 10-12 || total
-------------------------+-------+-------+-------+-------++-------
Melee: Falchion          |    37 |   175 |   402 |     8 ||   622
       Kick              |       |       |    37 |     3 ||    40
 Abil: Evoke Flight      |       |       |     1 |       ||     1
  Use: Scroll            |       |       |    16 |       ||    16
       Potion            |       |       |    10 |     3 ||    13
 Stab: Paralysed         |     4 |     2 |     7 |       ||    13
       Sleeping          |       |     1 |       |       ||     1
       Confused          |       |       |     4 |       ||     4
       Invisible         |       |       |     3 |       ||     3
       Distracted        |       |       |     2 |       ||     2
       Petrified         |       |       |     1 |       ||     1
  Eat: Chunk             |       |     3 |    12 |       ||    15
Armor: Leather armour    |    20 |    49 |       |       ||    69
       Scale mail        |       |    17 |   171 |     6 ||   194
       Skin              |       |       |    13 |       ||    13
Dodge: Dodged            |    37 |   113 |   208 |     5 ||   363
       Rpst.: Falchion   |    19 |    27 |    73 |       ||   119

Table legend:
 A = Non-vault XP
 B = Vault XP
 C = Vault XP percentage of total XP
 D = Non-vault monster count
 E = Vault monster count
 F = Vault count percentage of total count
                 A         B        C        D         E       F
            +---------+---------+-------+---------+---------+-------
      Total |    2768 |    3715 |  57.3 |     131 |      21 |  13.8
            +---------+---------+-------+---------+---------+-------
        D:1 |      31 |       0 |   0.0 |       7 |       0 |   0.0
        D:2 |      95 |       0 |   0.0 |      26 |       0 |   0.0
        D:3 |     165 |      32 |  16.2 |      17 |       1 |   5.6
        D:4 |     109 |     140 |  56.2 |       7 |       1 |  12.5
        D:5 |     621 |     317 |  33.8 |      17 |       2 |  10.5
        D:6 |     280 |     236 |  45.7 |      12 |       5 |  29.4
        D:7 |    1030 |     117 |  10.2 |      30 |       3 |   9.1
        D:8 |     388 |       0 |   0.0 |      11 |       0 |   0.0
        D:9 |      49 |       7 |  12.5 |       4 |       4 |  50.0
     Bailey |       0 |    2866 | 100.0 |       0 |       5 | 100.0
            +---------+---------+-------+---------+---------+-------
